Map: Oxide LE

Players

Future

  • Race: Terran Terran

Nina - Winner!

  • Race: Protoss Protoss
  • League: Grandmaster

Event: DreamHack SC2 Masters 2021 Summer

VOD

Have the link to the VOD?

Description

Time

  • Played on: May 30, 2021, 3:19 p.m.
  • Length: 17:14

All games in this series

Show
View Real Time Build Order
Export as new Build Order

Future Terran 

Build Orders:  

Get SALT Encoding   

  12  0:00  SCV  
  13  0:12  SCV  
  14  0:16  Supply Depot  
  14  0:24  SCV  
  15  0:38  SCV  
  15  0:40  Barracks  
  16  0:43  Refinery  
  16  0:50  SCV  
  17  1:02  SCV  
  18  1:14  SCV  
  19  1:26  Orbital Command, Marine  
  20  1:51  Factory  
  20  1:53  Command Center  
  20  1:57  SCV  
  21  2:04  Barracks Reactor  
  21  2:09  SCV  
  21  2:10  Supply Depot  
  22  2:17  Bunker  
  22  2:22  SCV  
  23  2:34  SCV  
  23  2:35  Refinery  
  24  2:38  Hellion  
  24  2:43  Starport  
  26  2:46  SCV  
  26  2:49  Marine x2  
  29  2:58  SCV  
  30  3:07  Orbital Command  
  30  3:12  SCV  
  31  3:15  Widow Mine, Hellion  
  35  3:21  Medivac  
  35  3:24  SCV  
  38  3:27  Supply Depot  
  38  3:32  SCV  
  39  3:36  SCV  
  39  3:38  Widow Mine x2  
  39  3:39  Barracks Tech Lab  
  44  3:44  SCV  
  44  3:47  Supply Depot  
  44  3:48  SCV  
  46  3:52  Starport Tech Lab  
  46  3:54  Refinery  
  46  3:56  SCV  
  46  4:00  SCV  
  48  4:08  SCV  
  48  4:09  Supply Depot  
  49  4:11  Marine x2  
  49  4:12  SCV  
  49  4:13  Siege Tank  
  55  4:20  SCV  
  55  4:21  Supply Depot  
  56  4:24  SCV  
  55  4:33  SCV  
  55  4:34  Marine x2  
  55  4:35  Raven  
  55  4:37  Barracks  
  55  4:38  SCV  
  57  4:46  SCV  
  57  4:47  Siege Tank  
  57  4:50  SCV  
  60  4:54  Marine x2  
  60  4:58  SCV  
  63  5:02  SCV  
  63  5:04  Barracks  
  64  5:09  Engineering Bay  
  64  5:10  SCV  
  64  5:12  Marine x2  
  67  5:15  SCV  
  68  5:22  SCV  
  68  5:24  Starport Reactor  
  68  5:25  Supply Depot  
  68  5:26  Refinery  
  68  5:27  SCV  
  68  5:29  Marine x2, Siege Tank  
  74  5:36  Terran Infantry Weapons Level 1, Supply Depot  
  74  5:37  Stimpack  
  74  5:43  Marauder  
  74  5:47  Marine x2  
  77  5:59  Supply Depot  
  77  6:00  Supply Depot  
  77  6:05  Marauder, Marine x2  
  77  6:07  Medivac x2  
  77  6:09  Factory Tech Lab  
  77  6:10  Marauder  
  77  6:11  Combat Shield  
  87  6:16  Command Center  
  87  6:22  Supply Depot  
  87  6:23  Supply Depot  
  87  6:24  Marine  
  88  6:26  Marauder, Marine  
  88  6:30  Siege Tank  
  88  6:31  Marauder  
  96  6:40  Viking  
  96  6:45  Marine x2  
  99  6:47  Viking  
  99  6:48  Marauder  
  103  6:58  Supply Depot  
  103  7:00  Supply Depot  
  103  7:04  Siege Tank  
  103  7:07  Barracks  
  103  7:08  Barracks  
  106  7:09  Marauder  
  106  7:14  Marauder  
  110  7:16  Marine x2  
  87  7:32  SCV x2  
  87  7:33  Terran Infantry Armor Level 1  
  87  7:36  Siege Tank  
  92  7:40  Marauder x2  
  96  7:45  Bunker  
  96  7:46  SCV x2  
  96  7:50  Orbital Command  
  98  7:55  Barracks Reactor, Barracks Tech Lab  
  98  7:58  SCV x2  
  100  8:09  Bunker  
  100  8:10  SCV  
  100  8:16  Marauder x3  
  100  8:17  Marine, Siege Tank  
  100  8:18  Marine  
  100  8:19  SCV x2  
  108  8:22  SCV  
  109  8:28  Medivac x2  
  109  8:31  SCV  
  109  8:32  SCV, Sensor Tower  
  109  8:34  SCV, Marine  
  115  8:35  Marine  
  115  8:37  Marauder x3  
  115  8:38  Marine x2  
  126  8:46  Ghost Academy  
  125  8:49  Siege Tank  
  125  8:53  Marine x2  
  129  8:58  Marauder  
  129  8:59  Marauder x2  
  135  9:07  Marine  
  135  9:09  Marine  
  122  9:11  Marine  
  122  9:15  SCV x2  
  122  9:16  Viking  
  111  9:20  Marauder x3  
  111  9:23  Marine  
  115  9:25  Marine  
  115  9:27  SCV, Marine  
  115  9:31  SCV, Medivac  
  114  9:41  Marauder x2, Concussive Shells  
  114  9:45  Marauder, Marine x3  
  119  9:52  SCV x3  
  122  9:54  Missile Turret  
  122  9:56  Missile Turret  
  122  9:57  Missile Turret  
  122  10:03  Marauder x2  
  122  10:05  Marine x2  
  122  10:06  Marine, Ghost  
  131  10:08  Marine  
  132  10:16  Medivac x2  
  136  10:22  Refinery x2  
  136  10:23  SCV, Ghost  
  136  10:24  SCV  
  136  10:25  SCV, Supply Depot  
  136  10:26  Marine  
  136  10:27  Factory Reactor  
  142  10:28  Marine  
  142  10:29  Marine  
  142  10:30  Marine  
  145  10:41  Marauder x2  
  149  10:44  Marine  
  149  10:46  Marine  
  149  10:47  Marine, Viking  
  149  10:48  Marine, Viking  
  155  11:04  Marauder x3  
  161  11:15  Marine  
  161  11:16  Marine  
  161  11:18  Marine  
  164  11:37  Marauder  
  164  11:38  Viking  
  164  11:39  Marauder  
  165  11:41  Supply Depot  
  165  11:42  Viking  
  160  11:55  Widow Mine  
  160  11:57  Widow Mine  
  160  11:58  Marauder x2, Marine x3  
  160  11:59  Engineering Bay  
  160  12:00  Armory, Marauder  
  127  12:16  Widow Mine  
  127  12:18  Widow Mine  
  119  12:23  Marauder  
  119  12:24  Marauder, Marine x2  
  119  12:25  Medivac  
  119  12:28  Medivac  
  123  12:33  Marauder, Marine  
  123  12:34  Barracks  
  123  12:35  Barracks  
  123  12:36  Barracks  
  126  12:40  SCV  
  126  12:43  Marine x3  
  125  12:44  Widow Mine x2  
  125  12:45  Marauder x2  
  118  12:55  Marauder, Medivac  
  118  12:58  Medivac  
  112  13:06  Marauder x2  
  112  13:07  Widow Mine x2  
  120  13:14  SCV x2  
  120  13:16  Marine x3  
  125  13:21  Terran Infantry Armor Level 2  
  125  13:27  Barracks Tech Lab x2, Orbital Command  
  125  13:38  Ghost  
  125  13:40  Barracks Tech Lab, Marauder x2  
  131  13:42  Widow Mine  
  131  13:47  Widow Mine  
  126  13:56  Marauder x2, Marine  
  126  13:59  Marine x2  
  128  14:03  Widow Mine, Marine x2  
  128  14:08  Widow Mine, Medivac  
  133  14:13  Marauder x3  
  133  14:15  Marine  
  133  14:18  Marine  
  133  14:19  Marauder  
  129  14:25  Marauder  
  129  14:28  Widow Mine  
  129  14:29  Marauder, Marine  
  129  14:30  Widow Mine  
  136  14:32  Medivac  
  138  14:39  Marauder x3  
  136  14:46  Marauder, Marine  
  135  14:55  Marauder, Marine x2  
  135  14:57  Marine  
  138  15:00  Marauder x2  
  138  15:01  Marauder  
  141  15:10  Orbital Command, Marauder, Marine  
  135  15:16  Marauder  
  135  15:19  Marine x2  
  135  15:21  Marine  
  137  15:22  Marauder x2  
  137  15:24  Marine  
  139  15:34  Ghost  
  141  15:35  Marine  
  141  15:37  Ghost  
  144  15:44  Widow Mine x2  
  144  15:48  SCV x3  
  149  15:57  Marauder x3, Marine x2  
  149  16:00  SCV x2, Marine  
  149  16:04  Marauder  
  158  16:05  Marine  
  158  16:06  Marauder  
  158  16:08  Medivac x2  
  157  16:20  Marauder x2  
  157  16:22  Marine  
  157  16:23  Marauder  
  149  16:25  Marine  
  149  16:26  Marine  
  149  16:32  Marine  
  138  16:40  Marine  
  138  16:41  Marauder  
  138  16:42  Marauder  
  138  16:43  Marine x3  
  131  16:50  Marine  
Show
View Real Time Build Order
Export as new Build Order

Nina Protoss - Winner!

Build Orders: 1 Gate Expand, Phoenix Opening, Blink Stalkers, Colossus Rush 

Get SALT Encoding   

  12  0:00  Probe  
  13  0:12  Probe  
  14  0:17  Pylon  
  14  0:24  Probe (Chrono Boost)  
  15  0:36  Probe (Chrono Boost), Gateway  
  16  0:45  Probe (Chrono Boost), Assimilator  
  17  0:51  Probe  
  18  1:03  Probe  
  19  1:15  Probe  
  20  1:23  Cybernetics Core  
  20  1:31  Nexus  
  20  1:39  Pylon  
  21  1:40  Probe  
  21  1:52  Probe  
  21  1:53  Assimilator  
  21  1:56  Adept (Chrono Boost)  
  23  2:03  Warp Gate (Chrono Boost)  
  23  2:04  Probe  
  24  2:16  Probe (Chrono Boost)  
  24  2:20  Stalker  
  27  2:28  Probe (Chrono Boost)  
  28  2:33  Probe (Chrono Boost)  
  29  2:39  Twilight Council  
  29  2:43  Probe (Chrono Boost)  
  31  2:45  Gateway  
  31  2:47  Probe (Chrono Boost)  
  31  2:54  Probe (Chrono Boost)  
  31  2:56  Sentry  
  31  2:57  Probe (Chrono Boost)  
  35  2:58  Probe (Chrono Boost)  
  36  3:06  Pylon  
  36  3:07  Probe  
  36  3:10  Probe  
  38  3:18  Gateway  
  38  3:19  Probe  
  39  3:22  Blink (Chrono Boost)  
  39  3:26  Probe  
  40  3:31  Probe  
  41  3:36  Phoenix  
  41  3:38  Probe  
  41  3:41  Assimilator  
  42  3:43  Probe  
  42  3:46  Stalker x2  
  47  3:50  Probe  
  47  3:52  Assimilator  
  48  3:55  Probe  
  48  3:58  Pylon  
  48  4:02  Probe  
  50  4:05  Robotics Facility  
  50  4:07  Probe  
  51  4:12  Pylon  
  51  4:14  Probe  
  52  4:18  Stalker  
  52  4:20  Probe  
  55  4:26  Probe  
  56  4:32  Probe  
  55  4:40  Probe  
  55  4:44  Probe  
  52  4:52  Probe  
  53  4:55  Stalker  
  53  4:56  Probe  
  56  5:04  Probe, Robotics Bay  
  57  5:10  Probe  
  57  5:12  Observer (Chrono Boost)  
  59  5:17  Probe  
  60  5:27  Probe  
  60  5:31  Nexus  
  60  5:34  Pylon, Sentry x2  
  64  5:38  Charge (Chrono Boost), Pylon  
  64  5:51  Observer  
  64  5:52  Colossus (Chrono Boost)  
  64  5:54  Shield Battery  
  70  5:59  Probe x2  
  72  6:05  Gateway  
  72  6:09  Extended Thermal Lance  
  72  6:11  Probe  
  73  6:12  Probe  
  73  6:16  Gateway  
  74  6:21  Gateway  
  74  6:23  Probe  
  75  6:26  Probe  
  75  6:27  Zealot  
  78  6:35  Probe, Disruptor (Chrono Boost)  
  78  6:38  Pylon  
  83  6:40  Probe  
  83  6:46  Probe  
  84  6:47  Probe  
  84  6:51  Stalker x2  
  84  6:52  Probe  
  90  6:55  Stalker  
  90  6:59  Probe  
  93  7:04  Zealot  
  93  7:06  Shield Battery  
  93  7:07  Disruptor  
  98  7:11  Zealot  
  98  7:14  Pylon  
  98  7:18  Zealot x2  
  102  7:26  Zealot x3  
  106  7:33  Probe x3 (Chrono Boost)  
  106  7:35  Zealot  
  111  7:38  Pylon  
  111  7:40  Pylon  
  112  7:45  Probe x2 (Chrono Boost), Warp Prism  
  112  7:49  Probe (Chrono Boost)  
  115  7:53  Templar Archives  
  115  7:57  Gateway  
  115  8:01  Zealot x3  
  115  8:04  Zealot  
  123  8:07  Pylon  
  123  8:17  Pylon  
  123  8:18  Zealot x2  
  127  8:21  Pylon  
  127  8:22  Pylon  
  127  8:28  Zealot x4  
  127  8:29  Forge  
  135  8:39  High Templar  
  135  8:40  High Templar  
  139  8:42  Colossus  
  139  8:43  Archon  
  139  8:46  High Templar x2  
  149  8:52  High Templar x2  
  149  8:53  Archon  
  149  8:54  Zealot  
  155  8:59  Archon  
  153  9:09  Nexus  
  127  9:12  Zealot x4  
  103  9:19  Zealot  
  97  9:29  Protoss Ground Weapons Level 1 (Chrono Boost)  
  97  9:30  Probe  
  86  9:32  Colossus (Chrono Boost)  
  86  9:37  Zealot x6  
  102  9:41  Forge  
  102  9:44  Probe  
  102  9:45  Robotics Facility  
  101  9:46  Assimilator  
  101  9:48  Assimilator, Sentry  
  103  9:54  Pylon  
  103  9:56  Pylon  
  103  9:58  Sentry  
  103  9:59  Zealot x4  
  113  10:00  Probe  
  114  10:07  Probe  
  114  10:08  Probe  
  116  10:16  Colossus (Chrono Boost), Zealot  
  116  10:18  Shield Battery  
  124  10:23  Probe x3  
  128  10:28  Probe  
  128  10:30  Protoss Ground Armor Level 1 (Chrono Boost)  
  128  10:34  Zealot x2  
  128  10:35  Probe  
  132  10:43  Observer  
  132  10:45  Zealot x3  
  132  10:46  Zealot x2  
  140  10:57  Gateway  
  140  11:02  Disruptor  
  140  11:03  Disruptor, High Templar  
  140  11:04  High Templar  
  150  11:05  Photon Cannon  
  150  11:10  Photon Cannon  
  148  11:13  Archon  
  148  11:16  Probe  
  149  11:20  Assimilator  
  149  11:22  Probe  
  149  11:23  Protoss Ground Weapons Level 2 (Chrono Boost)  
  150  11:27  Stalker x4  
  150  11:29  Zealot  
  158  11:38  Disruptor  
  153  11:44  Disruptor, Zealot x2  
  157  11:53  Gateway, Zealot x6  
  163  12:14  Disruptor (Chrono Boost)  
  134  12:16  Zealot  
  134  12:17  Zealot x7  
  134  12:20  Protoss Ground Armor Level 2 (Chrono Boost)  
  119  12:22  Disruptor (Chrono Boost)  
  103  12:37  Zealot x4  
  103  12:38  Zealot x2  
  103  12:42  Stalker x2  
  105  12:52  Stalker x4  
  111  12:58  Colossus (Chrono Boost)  
  111  13:04  High Templar x2  
  111  13:05  Probe x2  
  123  13:06  High Templar  
  123  13:07  High Templar, Zealot  
  123  13:08  Archon, Assimilator  
  123  13:10  Disruptor (Chrono Boost)  
  123  13:11  Archon  
  132  13:14  Probe  
  132  13:17  Nexus  
  132  13:19  Pylon, Stalker  
  135  13:20  Stalker  
  135  13:25  Stalker  
  135  13:26  Stalker  
  138  13:37  Zealot x3  
  144  13:44  Observer (Chrono Boost), Zealot x4  
  136  13:56  Colossus, Zealot x6  
  152  14:03  Colossus  
  152  14:04  Probe  
  159  14:16  Probe  
  156  14:19  Zealot x7  
  170  14:30  Probe, High Templar x2  
  173  14:31  Probe  
  173  14:36  Archon  
  174  14:50  Disruptor  
  174  14:52  Zealot x7  
  190  14:57  Observer  
  185  15:05  Nexus  
  166  15:18  Disruptor  
  166  15:19  Zealot x7  
  167  15:24  High Templar  
  167  15:25  Colossus, High Templar  
  177  15:29  Archon  
  177  15:39  High Templar x4  
  177  15:40  High Templar  
  177  15:42  Pylon  
  187  15:45  Archon x2  
  187  15:47  Pylon  
  183  16:00  Pylon  
  181  16:06  Photon Cannon x2  
  181  16:08  Photon Cannon, Zealot  
  183  16:17  Disruptor  
  184  16:27  Photon Cannon  
  184  16:30  Immortal  
  184  16:36  High Templar x5  
Tags
 
Add a new tag
Caveats
  • Supply blocks, unpowered buildings, or Contaminate may cause inaccurate times.
  • Supply counts are checked every 10 seconds.